 Dungeon Crawl Stone Soup version 0.27.1-33-g824d729ab1 (webtiles) character file.

Game seed: 2655931198228375233

93 pkoi the Ruffian (level 4, -4/38 HPs)
             Began as a Draconian Monk on Dec 27, 2021.
             Slain by an orc priest (7 damage)
             ... on level 3 of the Dungeon.
             The game lasted 00:01:58 (1979 turns).

pkoi the Ruffian (Draconian Monk)                   Turns: 1979, Time: 00:01:59

Health: -4/38      AC:  6    Str: 13 (14) XL:     4   Next: 37%
Magic:  13/13      EV: 12    Int:  8 (11) God:
Gold:   78         SH:  0    Dex: 10 (13) Spells: 3/3 levels left

rFire    . . .     SeeInvis .     - Unarmed
rCold    . . .     Faith    .   (no shield)
rNeg     . . .     Spirit   .   (armour unavailable)
rPois    .         Reflect  .   (helmet restricted)
rElec    .         Harm     .   i - +0 cloak
rCorr    .         Rampage  .   (no gloves)
Will     .....                  (no boots)
Stlth    ++........             (no amulet)
HPRegen  0.12/turn              d - ring of magical power
MPRegen  0.13/turn              (no ring)

@: hasted, very quick
A: AC +5, unfitting armour, cold-blooded
a: no special abilities


You were on level 3 of the Dungeon.
You visited 1 branch of the dungeon, and saw 3 of its levels.

You collected 78 gold pieces.

Inventory:

Hand Weapons
 g - a +1 short sword of draining
Missiles
 b - 36 poisoned darts (quivered)
Armour
 i - a +0 cloak (worn)
Jewellery
 d - a ring of magical power (left hand)
Scrolls
 a - 5 scrolls of identify {unknown}
 c - 2 scrolls of immolation {unknown}
 f - a scroll of enchant weapon {unknown}
 h - a scroll of summoning {unknown}
 j - 2 scrolls of magic mapping
Potions
 k - a potion of degeneration


   Skills:
 - Level 3.2 Fighting
 - Level 2.6 Dodging
 - Level 1.7 Stealth
 + Level 5.2 Unarmed Combat


You had 3 spell levels left.
You didn't know any spells.
Your spell library was empty.

Dungeon Overview and Level Annotations

Branches:
Dungeon (3/15)

Altars:


Innate Abilities, Weirdness & Mutations

Your plain brown scales are hard. (AC +5)
You cannot fit into any form of body armour.
You are cold-blooded and may be slowed by cold attacks.


Message History

Your surroundings suddenly seem different.
An endoplasm, 2 orcs and 2 orc priests come into view.
The orc shouts!
The orc priest shouts! x2; You hear a shout!
The endoplasm quivers.
The orc priest hits you with a +0 war axe!
The orc priest hits you but does no damage.
The orc priest mumbles some strange prayers to Beogh against you.
Beogh smites you!
* * * LOW HITPOINT WARNING * * *
You hear a shout!
It was a potion of haste.
You feel yourself speed up.
An orc wizard comes into view. It is wielding a +0 dagger.
The orc priest closely misses you.
It was a potion of degeneration.
There was something very wrong with that liquid.
You feel weakened.
You feel dopey.
You feel clumsy.
The orc wizard shouts!
You barely miss the orc priest.
An adder comes into view.
The orc priest misses you.
The orc wizard gestures wildly while chanting.
The orc wizard flickers and vanishes!
Deactivating autopickup; reactivate with Ctrl-A.
You barely miss the orc priest.
The adder hisses angrily.
The orc priest hits you with a +0 war axe.
* * * LOW HITPOINT WARNING * * *
You hit the orc priest but do no damage.
Your punch misses the orc priest. You closely miss the orc priest.
You tail-slap the orc priest.
The orc priest is moderately wounded.
The orc priest invokes the aid of Beogh against you.
Beogh smites you!
* * * LOW HITPOINT WARNING * * *
You barely miss the orc priest.
The orc priest is moderately wounded.
You hit the orc priest. You tail-slap the orc priest.
The orc priest is heavily wounded.
The orc priest hits you with a +0 war axe!
You die...

,*,,,*,****,*** *,* ****
,*,_,*,,,,,,..# *,* *,,,
,*,,,*,****,#.# *,* *,**
,**,**,,,,,,#.# *,* *,*
,,*,*,,*****#.# *,* *,**
,,*,*,,,,,,,#J# *,****,,,
,,*,*,****#,#.# *,,,,,,,*
,,*+*,*####.#o##########*******,*
,,,,,,*#...S.Joo@.......,,,,,,*,*
,,,,,,......#.##########*****,*,*
,*****##.###...,,,,,,,* *,*,* ,*
*,* #####*****,* *,*,* ** *,* *,*
*,*,, *,* *,* *,*,* ********,*
*,* *,*>, ,,,,,,,,,* *,* *,***
********** *,*******,*


You could see an orc priest, an adder, 2 orcs and an endoplasm.

Vanquished Creatures
  A hound (D:2)
  An adder (D:2)
  An orc (D:3)
  8 ball pythons
  7 bats
  4 endoplasms
  3 giant cockroaches
  4 goblins
  4 hobgoblins
  2 jackals (D:2)
  6 kobolds
  A quokka (D:1)
  3 frilled lizards (D:2)
  4 rats
49 creatures vanquished.

Notes
Turn   | Place    | Note
-------+----------+-------------------------------------------
     0 | D:1      | pkoi the Draconian Monk began the quest for the Orb.
     0 | D:1      | Reached XP level 1. HP: 19/19 MP: 1/1
    96 | D:1      | Reached XP level 2. HP: 26/26 MP: 2/2
   299 | D:1      | Reached skill level 4 in Unarmed Combat
   879 | D:1      | Reached XP level 3. HP: 27/31 MP: 3/3
  1527 | D:2      | Reached skill level 5 in Unarmed Combat
  1527 | D:2      | Reached XP level 4. HP: 21/38 MP: 4/4
  1979 | D:3      | Slain by an orc priest

Illustrated notes

Levels and vault maps discovered:
D:1:      saegor_arrival_miasma, layout_basic
D:2:      minmay_door_path, layout_basic, grunt_ministairs_9,
          minmay_split_cup_large
D:3:      layout_basic, mainiacjoe_overflow_surrounded_room,
          ebering_ecumenical_altar_box, serial_shops, nicolae_diamond_shop,
          minmay_checkerbox

Skill      XL: |  1  2  3 |
---------------+----------+-----
Unarmed Combat | 4 5 |  5.2
Fighting       | |  3.2
Dodging        | |  2.6
Stealth        | |  1.7

Action                   |  1- 3 |  4- 6 || total
-------------------------+-------+-------++-------
Melee: Unarmed           |   154 |    15 ||   169
       Tailslap          |    19 |     2 ||    21
       Punch             |     1 |       ||     1
  Use: Scroll            |       |     2 ||     2
       Potion            |       |     2 ||     2
 Stab: Sleeping          |     4 |     2 ||     6
Armor: Skin              |    53 |     4 ||    57
Dodge: Dodged            |    89 |     7 ||    96
